 Dungeon Crawl Stone Soup version 0.30.1-11-g7821555f0a (webtiles) character file.

Game seed: 4869441902223860988

72 Gumption the Gusty (level 4, -3/42 HPs)
             Began as an Ogre Air Elementalist on Dec 13, 2023.
             Slain by Natasha (8 damage)
             ... on level 2 of the Dungeon.
             The game lasted 00:11:20 (1736 turns).

Gumption the Gusty (Ogre Air Elementalist)          Turns: 1736, Time: 00:11:20

Health: -3/42      AC:  3    Str: 18    XL:     4   Next: 26%
Magic:  0/8        EV:  9    Int: 18    God:
Gold:   66         SH:  0    Dex:  9    Spells: 6/9 levels left

rFire   . . .        c - +0 whip
rCold   . . .        (no shield)
rNeg    . . .        a - +0 robe
rPois   .            (helmet restricted)
rElec   .            (no cloak)
rCorr   .            (gloves unavailable)
SInv    .            (boots unavailable)
Will    .....        (no amulet)
Stlth   +            i - +6 ring of strength
HPRegen 0.27/turn    (no ring)
MPRegen 0.11/turn

%: no passive effects
@: no status effects
A: large, unfitting armour, tough skin 1
a: no special abilities


You were on level 2 of the Dungeon.
You visited 1 branch of the dungeon, and saw 2 of its levels.

You collected 66 gold pieces.

Inventory:

Hand Weapons
 c - a +0 whip (weapon)
Missiles
 d - 9 poisoned darts
Armour
 a - a +0 robe (worn)
Jewellery
 i - a +6 ring of strength (left hand)
Scrolls
 h - a scroll of enchant armour {unknown}
 j - a scroll of teleportation {unknown}
Potions
 b - a potion of magic
 e - a potion of flight {unknown}
 f - a potion of curing {unknown}
 g - 2 potions of degeneration {unknown}


   Skills:
 + Level 1.7 Fighting
 - Level 1.7 Dodging
 - Level 1.4 Stealth
 + Level 3.0 Spellcasting
 * Level 2.0 Conjurations
 * Level 3.4 Air Magic


You had 6 spell levels left.
You knew the following spells:

 Your Spells              Type           Power      Damage    Failure   Level
a - Shock                 Conj/Air       48%        1d6       5%          1
b - Static Discharge      Conj/Air       24%        2-3/arc   8%          2

Your spell library contained the following spells:

 Spells                   Type           Power      Damage    Failure   Level
 Swiftness                Air            15%        N/A       12%         3
 Airstrike                Air            7%         2d(2-18)  36%         4


Dungeon Overview and Level Annotations

Branches:
Dungeon (2/15)

Altars:

Annotations:
D:2 Natasha


Innate Abilities, Weirdness & Mutations

You are too large for most types of armour.
You have tough skin. (AC +1)


Message History

The zap hits Natasha.
Natasha is moderately wounded.
The zap misses Natasha.
The zap misses Natasha.
The zap hits Natasha.
Natasha is heavily wounded.
Natasha drinks a potion.
Natasha is healed!
Casting: Shock (safe; 5% risk of failure)
Confirm with . or Enter, or press ? or * to list all spells.
Natasha is struck by an arc of lightning.
Natasha is lightly wounded.
You are struck by an arc of lightning.
Natasha is struck by an arc of lightning.
Natasha is heavily wounded.
The lightning grounds out.
Natasha drinks a potion.
Natasha is healed!
Natasha claws you.
You closely miss Natasha. Natasha barely misses you.
You closely miss Natasha. Natasha claws you.
You closely miss Natasha. Natasha claws you!
You closely miss Natasha. Natasha closely misses you.
You closely miss Natasha.
Natasha stares at you and mumbles some strange words.
The magic dart hits you!
Casting: Static Discharge (safe; 8% risk of failure)
Confirm with . or Enter, or press ? or * to list all spells.
Aiming: Shock (safe; 5% risk of failure)
Press: ? - help, Shift-Dir - straight line, f/p - Natasha
Aim: Natasha (60% to hit)
The zap hits Natasha.
Natasha is moderately wounded.
Natasha stares at you and mumbles some strange words.
You resist with some effort.
You hit Natasha.
Natasha is heavily wounded.
Natasha claws you. Natasha claws you!
* * * LOW HITPOINT WARNING * * *
You barely miss Natasha.
Natasha is heavily wounded.
Natasha claws you!
You die...

#.............# #.#..##.#.#
#.......†.....# #.#.......#
#...........†.# #.##.##.######
#.............# #.............
#.............######.###.#####
#...............#.......<.....
###############.#.†###########
###'#......... .
###@h....####### ##
#..............
#.......####### #........#
..........# .>..........#
...##.......# ... #.......# ##
#.......#


You could see Natasha.

Vanquished Creatures
  Natasha (D:2)
  An adder (D:2)
  A dart slug (D:1)
  A ball python (D:1)
  6 endoplasms
  A giant cockroach (D:1)
  4 goblins
  4 hobgoblins
  7 jackals
  A bat (D:1)
  2 kobolds (D:1)
  2 rats
31 creatures vanquished.

Notes
Turn   | Place    | Note
-------+----------+-------------------------------------------
     0 | D:1      | Gumption the Ogre Air Elementalist began the quest for the
                  | Orb.
     0 | D:1      | Reached XP level 1. HP: 16/16 MP: 3/3
    79 | D:1      | Reached skill level 1 in Conjurations
   299 | D:1      | Reached XP level 2. HP: 26/26 MP: 2/5
   390 | D:1      | Found a faded altar of an unknown god.
   672 | D:1      | Learned a level 2 spell: Static Discharge
   951 | D:1      | Reached skill level 1 in Fighting
   955 | D:1      | Reached XP level 3. HP: 33/33 MP: 1/7
  1321 | D:2      | Noticed Natasha
  1330 | D:2      | HP: 1/33 [cerulean imp/+2 spear[Natasha] (5)]
  1332 | D:2      | Killed Natasha
  1468 | D:2      | Reached XP level 4. HP: 41/41 MP: 5/8
  1721 | D:2      | Noticed Natasha
  1736 | D:2      | Slain by Natasha

Illustrated notes

Levels and vault maps discovered:
D:1:      psy_arrival_statuary, layout_basic,
          hellmonk_ecumenical_altar_inner_sanctum
D:2:      layout_basic, uniq_natasha

Skill      XL: |  1  2  3  4 |
---------------+-------------+-----
Conjurations   | 1 2 |  2.0
Air Magic      | 3 |  3.4
Fighting       | 1 |  1.7
Spellcasting   | 3 |  3.0
Dodging        | |  1.7
Stealth        | |  1.4

Action                     |  1- 3 |  4- 6 || total
---------------------------+-------+-------++-------
  Melee: Whip              |    16 |     7 ||    23
   Cast: Shock             |    50 |    18 ||    68
         Static Discharge  |       |     2 ||     2
 Armour: Robe              |    14 |       ||    14
  Dodge: Dodged            |    23 |     2 ||    25
